 Dungeon Crawl Stone Soup version 0.25-a0-589-g1e14c549ee (webtiles) character file.

Game seed: 1295155264584124355, levelgen mode: deterministic

79 Esekla the Ducker (level 4, -2/21 HPs)
             Began as a Spriggan Artificer on Mar 10, 2020.
             Slain by a crimson imp (4 damage)
             ... summoned by Natasha
             ... on level 2 of the Dungeon.
             The game lasted 00:11:11 (3882 turns).

Esekla the Ducker (Spriggan Artificer)              Turns: 3882, Time: 00:11:11

Health: -2/21      AC:  2    Str:  8    XL:     4   Next: 16%
Magic:  8/8        EV: 20    Int: 13    God:
Gold:   100        SH:  0    Dex: 16    Spells: 3/3 levels left

rFire    . . .     SeeInvis +   a - +0 short sword
rCold    . . .     Gourm    .   (shield restricted)
rNeg     . . .     Faith    .   b - +0 robe
rPois    .         Spirit   .   (helmet restricted)
rElec    .         Reflect  .   (no cloak)
rCorr    .         Harm     .   (gloves unavailable)
MR       .....                  (boots unavailable)
Stlth    ++........             (no amulet)
HPRegen  0.07/turn              (no ring)
MPRegen  0.11/turn              (no ring)

@: very quick
A: very small, unfitting armour, see invisible, herbivore, speed 3, slow
metabolism 2
a: no special abilities


You were on level 2 of the Dungeon.
You were not hungry.

You visited 1 branch of the dungeon, and saw 2 of its levels.

You collected 100 gold pieces.

Inventory:

Hand Weapons
 a - a +0 short sword (weapon)
Missiles
 g - 11 boomerangs (quivered)
Armour
 b - a +0 robe (worn)
 l - a +0 leather armour
Jewellery
 h - a +2 ring of protection {unknown}
Wands
 c - a wand of flame (15)
 d - a wand of enslavement (15)
 e - a wand of random effects (15)
Scrolls
 i - 2 scrolls of remove curse {unknown}
 j - 2 scrolls of teleportation {unknown}
 k - a scroll of identify {unknown}
 m - 2 scrolls of enchant armour {unknown}
 n - a scroll of immolation {unknown}
Comestibles
 f - 6 rations


   Skills:
 - Level 0.7 Fighting
 * Level 3.3 Short Blades
 * Level 4.7 Dodging
 + Level 1.9 Stealth
 - Level 4.0 Evocations


You had 3 spell levels left.
You didn't know any spells.
Your spell library was empty.

Dungeon Overview and Level Annotations

Branches:
Dungeon (2/15)

Altars:
Nemelex Xobeh
The Shining One

Annotations:
D:2 Natasha


Innate Abilities, Weirdness & Mutations

You are very small and have problems with some larger weapons.
You are too small for most types of armour.
You have supernaturally acute eyesight. (SInv)
You are a herbivore.
You cover ground extremely quickly.
You need to consume almost no food.


Message History

You hit Natasha but do no damage.
Natasha is almost dead.
The crimson imp hits you but does no damage.
Natasha misses you. The hobgoblin completely misses you.
You hit Natasha but do no damage.
Natasha is almost dead.
The crimson imp completely misses you.
The frilled lizard completely misses you.
Natasha stares at you and mumbles some strange words.
The magic dart hits you!
* * * LOW HITPOINT WARNING * * *
You hit Natasha.
Natasha is almost dead.
The hobgoblin closely misses you. The crimson imp misses you.
The frilled lizard bites you but does no damage.
Natasha misses you.
You barely miss Natasha.
Natasha is almost dead.
The hobgoblin closely misses you. The crimson imp hits you.
You die...

#.# #.# #.# #.# #.#
#.# #.# ######.#######
## #.# #.............
.. #.# #>............
.. #.# ###.##.#######
.. #.# #.#..l......
#.# #.##@g.###.. #.#
#.##h5.# #†# #.##...#
#.# #.##...# #.#
#.##...# #.#
#.##...### ###+ #.#
####..'...'.. #...
##.#######....##...###
##.. #........'.....#
### #..


You could see Natasha, a crimson imp, a hobgoblin and a frilled lizard.

Vanquished Creatures
  A gnoll (D:1)
  An adder (D:2)
  2 worms (D:2)
  2 dart slugs
  3 leopard geckos
  A ball python (D:1)
  4 giant cockroaches
  5 goblins
  5 hobgoblins
  2 jackals (D:1)
  8 kobolds
  4 bats
  4 frilled lizards
  3 rats
45 creatures vanquished.

Notes
Turn   | Place    | Note
-------+----------+-------------------------------------------
     0 | D:1      | Esekla the Spriggan Artificer began the quest for the Orb.
     0 | D:1      | Reached XP level 1. HP: 9/9 MP: 4/4
    72 | D:1      | Reached XP level 2. HP: 13/14 MP: 6/6
   630 | D:1      | Reached XP level 3. HP: 11/17 MP: 7/7
  2287 | D:2      | Found a glowing golden altar of the Shining One.
  2555 | D:2      | Reached XP level 4. HP: 3/21 MP: 8/8
  3729 | D:2      | Found a sparkling altar of Nemelex Xobeh.
  3839 | D:2      | Noticed Natasha
  3882 | D:2      | Slain by a crimson imp

Levels and vault maps discovered:
D:1:      minmay_arrival_wavy_path, layout_basic
D:2:      layout_basic, old_standard_altar, tso_metal_star, led_sif_pool,
          uniq_natasha

Skill      XL: |  1  2  3 |
---------------+----------+-----
Dodging        | 4 |  4.7
Short Blades   | 2 3 |  3.3
Fighting       | |  0.7
Stealth        | |  1.9
Evocations     | |  4.0

Action                   |  1- 3 |  4- 6 || total
-------------------------+-------+-------++-------
Melee: Short sword       |   222 |    59 ||   281
Throw: Boomerang         |     2 |       ||     2
 Stab: Sleeping          |     3 |     3 ||     6
  Eat: Ration            |       |     1 ||     1
Armor: Robe              |    15 |     4 ||    19
Dodge: Dodged            |   179 |    43 ||   222

Table legend:
 A = Non-vault XP
 B = Vault XP
 C = Vault XP percentage of total XP
 D = Non-vault monster count
 E = Vault monster count
 F = Vault count percentage of total count
                 A         B        C        D         E       F
            +---------+---------+-------+---------+---------+-------
      Total |     113 |       0 |   0.0 |      45 |       0 |   0.0
            +---------+---------+-------+---------+---------+-------
        D:1 |      62 |       0 |   0.0 |      27 |       0 |   0.0
        D:2 |      51 |       0 |   0.0 |      18 |       0 |   0.0
            +---------+---------+-------+---------+---------+-------
